PAA
MINNESOTA LOONS @ NORTHVILLE ECLIPSE
05/08/2030
 
TOP OF THE 1ST
Minnesota Loons batting - Pitching for Northville Eclipse : LHP Aimo Latva
Pitching: LHP Aimo Latva
Batting: RHB Germán Espantoso 0-0: Ball
1-0: Called Strike
1-1: Fly out, F4 (Popup, 34)
Batting: SHB António Zúńiga 0-0: Called Strike
0-1: Ground out 6-3 (Groundball, 6)
Batting: RHB Isuru Tanaka 0-0: Foul Ball, location: 2F
0-1: Fly out, F5 (Popup, 5S)
Top of the 1st over - 0 runs, 0 hits, 0 errors, 0 left on base; Minnesota 0 - Northville 0
BOTTOM OF THE 1ST
Northville Eclipse batting - Pitching for Minnesota Loons : LHP Homer Robertson
Pitching: LHP Homer Robertson
Batting: LHB Darrell Woodmansee 0-0: Called Strike
0-1: Ball
1-1: Called Strike
1-2: Ball
2-2: Reached on error, E6 (Groundball, 6)
Batting: RHB Dave Shaw 0-0: Ball
Darrell Woodmansee steals 2nd base
1-0: Foul Ball, location: 2F
1-1: Ground out 6-3 (Groundball, 6)
Darrell Woodmansee to third
Batting: LHB Arturo Gonzáles 0-0: Ball
1-0: Called Strike
1-1: Ball
2-1: Swinging Strike
2-2: Foul Ball, location: 2F
2-2: Strikes out looking
Batting: RHB Gene Lucero 0-0: Fly out, F8 (Line Drive, 8RD)
Bottom of the 1st over - 0 runs, 0 hits, 1 error, 1 left on base; Minnesota 0 - Northville 0
TOP OF THE 2ND
Minnesota Loons batting - Pitching for Northville Eclipse : LHP Aimo Latva
Batting: LHB Juan Aranda 0-0: Fly out, F6 (Popup, 6D)
Batting: RHB Jorge Echevarría 0-0: Ball
1-0: Foul Ball, location: 2F
1-1: Called Strike
1-2: Foul Ball, location: 2F
1-2: SINGLE (Line Drive, 9LS)
Batting: RHB Cody Jaeckel 0-0: Ball
1-0: Ball
2-0: Foul Ball, location: 2F
2-1: Fly out, F7 (Flyball, 7LM)
Batting: RHB Dhyana Snigdha 0-0: Called Strike
0-1: Swinging Strike
0-2: Ball
1-2: Strikes out looking
Top of the 2nd over - 0 runs, 1 hit, 0 errors, 1 left on base; Minnesota 0 - Northville 0
BOTTOM OF THE 2ND
Northville Eclipse batting - Pitching for Minnesota Loons : LHP Homer Robertson
Batting: RHB Sidney Mackell 0-0: Ball
1-0: Foul Ball, location: 2F
1-1: Ball
2-1: Ball
3-1: Swinging Strike
3-2: Base on Balls
Batting: LHB Octávio Ontiveros 0-0: Ball
1-0: Called Strike
1-1: Foul Ball, location: 2F
1-2: Strikes out looking
Batting: RHB Manuel Barrios 0-0: Ball
Wild Pitch!
Sidney Mackell to second
1-0: Called Strike
1-1: Called Strike
1-2: Ball
2-2: SINGLE (Line Drive, 8RS)
Sidney Mackell to third
Batting: RHB Alfonso Grappasonni 0-0: Ball
1-0: Ball
2-0: Ball
3-0: Called Strike
3-1: Base on Balls
Manuel Barrios to second
Batting: RHB John Townsend 0-0: Ball
1-0: DOUBLE (Line Drive, 7LS)
Sidney Mackell scores
Manuel Barrios scores
Alfonso Grappasonni to third
Batting: LHB Darrell Woodmansee 0-0: Called Strike
0-1: Ball
1-1: Called Strike
1-2: Ground out U3 (Groundball, 3)
Batting: RHB Dave Shaw 0-0: Ball
1-0: Foul Ball, location: 2F
1-1: Foul Ball, location: 2F
1-2: Foul Ball, location: 2F
1-2: Strikes out swinging
Bottom of the 2nd over - 2 runs, 2 hits, 0 errors, 2 left on base; Minnesota 0 - Northville 2
TOP OF THE 3RD
Minnesota Loons batting - Pitching for Northville Eclipse : LHP Aimo Latva
Batting: RHB Júlio Vargas 0-0: Swinging Strike
0-1: Hit by Pitch
Batting: LHB Johan Kroening 0-0: Fly out, F8 (Flyball, 8RM)
Batting: RHB Germán Espantoso 0-0: Ball
1-0: Called Strike
1-1: Swinging Strike
1-2: Grounds into double play, 6-4-3 (Groundball, 6D)
Top of the 3rd over - 0 runs, 0 hits, 0 errors, 0 left on base; Minnesota 0 - Northville 2
BOTTOM OF THE 3RD
Northville Eclipse batting - Pitching for Minnesota Loons : LHP Homer Robertson
Batting: LHB Arturo Gonzáles 0-0: Foul Ball, location: 2F
0-1: Swinging Strike
0-2: Foul Ball, location: 2F
0-2: Ball
1-2: Foul Ball, location: 2F
1-2: Strikes out swinging
Batting: RHB Gene Lucero 0-0: Foul Ball, location: 2F
0-1: Ball
1-1: Ball
2-1: Ball
3-1: Base on Balls
Batting: RHB Sidney Mackell Pickoff Throw to First - Out!
0-0: Called Strike
0-1: Swinging Strike
0-2: Ball
1-2: Ball
2-2: Ball
3-2: Fly out, F9 (Flyball, 89M)
Bottom of the 3rd over - 0 runs, 0 hits, 0 errors, 0 left on base; Minnesota 0 - Northville 2
TOP OF THE 4TH
Minnesota Loons batting - Pitching for Northville Eclipse : LHP Aimo Latva
Batting: SHB António Zúńiga 0-0: Ball
1-0: Ball
2-0: Swinging Strike
2-1: Ball
3-1: Base on Balls
Batting: RHB Isuru Tanaka 0-0: Ball
1-0: Fly out, F8 (Flyball, 89M)
Batting: LHB Juan Aranda 0-0: Ball
António Zúńiga steals 2nd base
1-0: Foul Ball, location: 2F
1-1: Called Strike
1-2: Ball
2-2: Foul Ball, location: 2F
2-2: Strikes out swinging
Batting: RHB Jorge Echevarría 0-0: Ball
1-0: Ball
2-0: Called Strike
2-1: Foul Ball, location: 2F
2-2: Strikes out swinging
Top of the 4th over - 0 runs, 0 hits, 0 errors, 1 left on base; Minnesota 0 - Northville 2
BOTTOM OF THE 4TH
Northville Eclipse batting - Pitching for Minnesota Loons : LHP Homer Robertson
Batting: LHB Octávio Ontiveros 0-0: Called Strike
0-1: Ball
1-1: Ball
2-1: Foul Ball, location: 2F
2-2: Ball
3-2: Ground out 6-3 (Groundball, 6)
Batting: RHB Manuel Barrios 0-0: Ball
1-0: Ball
2-0: Ball
3-0: Base on Balls
Batting: RHB Alfonso Grappasonni 0-0: Ball
1-0: Fly out, F8 (Flyball, 8RS)
Batting: RHB John Townsend 0-0: Called Strike
0-1: Foul Ball, location: 2F
0-2: Ball
1-2: Fly out, F8 (Flyball, 8RD)
Bottom of the 4th over - 0 runs, 0 hits, 0 errors, 1 left on base; Minnesota 0 - Northville 2
TOP OF THE 5TH
Minnesota Loons batting - Pitching for Northville Eclipse : LHP Aimo Latva
Batting: RHB Cody Jaeckel 0-0: Ball
1-0: Fly out, F8 (Flyball, 8LM)
Batting: RHB Dhyana Snigdha 0-0: Ground out 4-3 (Groundball, 4S)
Batting: RHB Júlio Vargas 0-0: Ball
1-0: Foul Ball, location: 2F
1-1: Called Strike
1-2: Ball
2-2: Foul Ball, location: 2F
2-2: Foul Ball, location: 2F
2-2: Ground out 3-1 (Groundball, 34S)
Top of the 5th over - 0 runs, 0 hits, 0 errors, 0 left on base; Minnesota 0 - Northville 2
BOTTOM OF THE 5TH
Northville Eclipse batting - Pitching for Minnesota Loons : LHP Homer Robertson
Batting: LHB Darrell Woodmansee 0-0: Foul Ball, location: 2F
0-1: Ball
1-1: Foul Ball, location: 2F
1-2: DOUBLE (Groundball, 3L)
Batting: RHB Dave Shaw 0-0: Fly out, F9 (Flyball, 9S)
Batting: LHB Arturo Gonzáles 0-0: Called Strike
0-1: Ball
1-1: SINGLE (Line Drive, 78S)
Darrell Woodmansee to third
Runner from 3rd tries for Home, SAFE, no throw
Batting: RHB Gene Lucero 0-0: SINGLE (Groundball, 56D)
Arturo Gonzáles to second
Batting: RHB Sidney Mackell 0-0: Fly out, F7 (Flyball, 7S)
Batting: LHB Octávio Ontiveros 0-0: Called Strike
0-1: Ball
Arturo Gonzáles is caught stealing 3rd base
Bottom of the 5th over - 1 run, 3 hits, 0 errors, 1 left on base; Minnesota 0 - Northville 3
TOP OF THE 6TH
Minnesota Loons batting - Pitching for Northville Eclipse : LHP Aimo Latva
Batting: LHB Johan Kroening 0-0: Fly out, F9 (Line Drive, 89S)
Batting: RHB Germán Espantoso 0-0: Called Strike
0-1: SINGLE (Groundball, 6MD)
Batting: SHB António Zúńiga 0-0: Ball
1-0: Called Strike
1-1: Swinging Strike
1-2: Strikes out swinging
Batting: RHB Isuru Tanaka 0-0: Ball
1-0: Foul Ball, location: 2F
1-1: Called Strike
1-2: Foul Ball, location: 2F
1-2: Ball
2-2: Fly out, F8 (Flyball, 89M)
Top of the 6th over - 0 runs, 1 hit, 0 errors, 1 left on base; Minnesota 0 - Northville 3
BOTTOM OF THE 6TH
Northville Eclipse batting - Pitching for Minnesota Loons : LHP Homer Robertson
Batting: LHB Octávio Ontiveros 0-0: Ball
1-0: Foul Ball, location: 2F
1-1: Ball
2-1: Ball
3-1: SINGLE (Groundball, 34D)
Batting: RHB Manuel Barrios 0-0: Foul Ball, location: 2F
0-1: Ground out 4-3 (Groundball, 34)
Octávio Ontiveros to second
Batting: RHB Alfonso Grappasonni 0-0: Called Strike
0-1: Foul Ball, location: 2F
0-2: SINGLE (Flyball, 9LS)
Octávio Ontiveros to third
Runner from 3rd tries for Home, SAFE, throw made home
Pitching: RHP Aubrey McCrimmon
Batting: RHB John Townsend 0-0: Fly out, F8 (Flyball, 8RXD)
Batting: LHB Darrell Woodmansee 0-0: Ball
1-0: Called Strike
1-1: Ball
2-1: Swinging Strike
2-2: Foul Ball, location: 2F
2-2: Strikes out looking
Bottom of the 6th over - 1 run, 2 hits, 0 errors, 1 left on base; Minnesota 0 - Northville 4
TOP OF THE 7TH
Minnesota Loons batting - Pitching for Northville Eclipse : LHP Aimo Latva
Batting: LHB Juan Aranda 0-0: DOUBLE (Line Drive, 5D)
Batting: RHB Jorge Echevarría 0-0: Fly out, F8 (Flyball, 8LM)
Batting: RHB Cody Jaeckel 0-0: Foul Ball, location: 2F
0-1: Ball
1-1: Called Strike
Juan Aranda steals 3rd base
1-2: Strikes out swinging
Batting: RHB Dhyana Snigdha 0-0: Ball
1-0: Called Strike
1-1: Ball
2-1: Swinging Strike
2-2: Fly out, F8 (Flyball, 8LS)
Top of the 7th over - 0 runs, 1 hit, 0 errors, 1 left on base; Minnesota 0 - Northville 4
BOTTOM OF THE 7TH
Northville Eclipse batting - Pitching for Minnesota Loons : RHP Aubrey McCrimmon
Batting: RHB Dave Shaw 0-0: Ball
1-0: Ball
2-0: Called Strike
2-1: Foul Ball, location: 2F
2-2: Foul Ball, location: 2F
2-2: Fly out, F7 (Flyball, 78S)
Batting: LHB Arturo Gonzáles 0-0: Ball
1-0: Ground out 6-3 (Groundball, 56)
Batting: RHB Gene Lucero 0-0: Ball
1-0: Ball
2-0: SINGLE (Line Drive, 7S)
Batting: RHB Sidney Mackell 0-0: Ball
1-0: Ball
2-0: Ball
3-0: Foul Ball, location: 2F
3-1: Base on Balls
Gene Lucero to second
Batting: LHB Octávio Ontiveros 0-0: Ball
1-0: Ball
2-0: Called Strike
2-1: Ball
3-1: Base on Balls
Gene Lucero to third
Sidney Mackell to second
Batting: RHB Manuel Barrios 0-0: Called Strike
0-1: Ball
1-1: Foul Ball, location: 2F
1-2: Strikes out looking
Bottom of the 7th over - 0 runs, 1 hit, 0 errors, 3 left on base; Minnesota 0 - Northville 4
TOP OF THE 8TH
Minnesota Loons batting - Pitching for Northville Eclipse : LHP Aimo Latva
Batting: RHB Júlio Vargas 0-0: Ball
1-0: Swinging Strike
1-1: Ball
2-1: Foul Ball, location: 2F
2-2: Foul Ball, location: 2F
2-2: Ball
3-2: Foul Ball, location: 2F
3-2: Fly out, F5 (Popup, 56S)
Batting: LHB Johan Kroening 0-0: Foul Ball, location: 2F
0-1: Foul Ball, location: 2F
0-2: Ball
1-2: Ball
2-2: Strikes out swinging
Batting: RHB Germán Espantoso 0-0: Ground out 6-3 (Groundball, 56)
Top of the 8th over - 0 runs, 0 hits, 0 errors, 0 left on base; Minnesota 0 - Northville 4
BOTTOM OF THE 8TH
Northville Eclipse batting - Pitching for Minnesota Loons : RHP Aubrey McCrimmon
Batting: RHB Alfonso Grappasonni 0-0: Swinging Strike
0-1: Fly out, F9 (Flyball, 89M)
Batting: RHB John Townsend 0-0: Ball
1-0: Foul Ball, location: 2F
1-1: Ball
2-1: Foul Ball, location: 2F
2-2: Foul Ball, location: 2F
2-2: Foul Ball, location: 2F
2-2: Foul Ball, location: 2F
2-2: Fly out, F8 (Flyball, 8LD)
Batting: LHB Darrell Woodmansee 0-0: Ball
1-0: Foul Ball, location: 2F
1-1: Ground out U3 (Groundball, 3L)
Bottom of the 8th over - 0 runs, 0 hits, 0 errors, 0 left on base; Minnesota 0 - Northville 4
TOP OF THE 9TH
Minnesota Loons batting - Pitching for Northville Eclipse : LHP Aimo Latva
Batting: SHB António Zúńiga 0-0: SOLO HOME RUN (Flyball, 7D), Distance : 401 ft
Pitching: RHP Javier Luna
Batting: RHB Isuru Tanaka 0-0: SINGLE (Line Drive, 8LS)
Batting: LHB Juan Aranda 0-0: Called Strike
0-1: Ball
1-1: Called Strike
1-2: Strikes out swinging
Batting: RHB Jorge Echevarría 0-0: Ball
1-0: Ball
2-0: Called Strike
2-1: Foul Ball, location: 2F
2-2: Ball
3-2: SINGLE (Groundball, 56S) (infield hit)
Isuru Tanaka to second
Pinch Hitting: LHB Bennett Whitford 0-0: Ball
1-0: Fly out, F7 (Flyball, 7D)
Runner from 2nd tags up, SAFE at 3rd, no throw
Pinch Hitting: LHB Rim Hong-Do 0-0: Ball
1-0: Ball
2-0: Ball
3-0: Called Strike
3-1: Called Strike
3-2: Strikes out swinging
Top of the 9th over - 1 run, 3 hits, 0 errors, 2 left on base; Minnesota 1 - Northville 4
Sunday, March 18th, 2018 - OOTP Baseball 18.8 Build 76